 Dungeon Crawl Stone Soup version 0.21.1-1-g345015f (webtiles) character file.

156 Kairos the Shield-Bearer (level 5, -3/41 HPs)
             Began as a Human Fighter on Mar 31, 2018.
             Slain by a river rat (4 damage)
             ... on level 3 of the Dungeon.
             The game lasted 00:02:35 (2259 turns).

Kairos the Shield-Bearer (Human Fighter)            Turns: 2259, Time: 00:02:36

Health: -3/41      AC:  6    Str: 17    XL:     5   Next: 64%
Magic:  5/5        EV:  7    Int:  8    God:
Gold:   86         SH:  9    Dex: 13    Spells: 4/4 levels left

rFire    . . .     SeeInvis .   a - +0 war axe
rCold    . . .     Gourm    .   c - +0 shield
rNeg     . . .     Faith    .   b - +0 scale mail
rPois    .         Spirit   .   (no helmet)
rElec    .         Reflect  .   (no cloak)
rCorr    .         Harm     .   (no gloves)
MR       .....                  (no boots)
Stlth    ..........             (no amulet)
HPRegen  0.13/turn              (no ring)
MPRegen  0.09/turn              (no ring)

@: no status effects
A: no striking features
a: no special abilities


You were on level 3 of the Dungeon.
You were not hungry.

You visited 1 branch of the dungeon, and saw 3 of its levels.

You collected 86 gold pieces.

Inventory:

Hand Weapons
 a - a +0 war axe (weapon)
Armour
 b - a +0 scale mail (worn)
 c - a +0 shield (worn)
Scrolls
 e - a scroll of remove curse {unknown}
 h - 4 scrolls of identify {unknown}
 i - 5 scrolls of teleportation {unknown}
 j - a scroll of immolation {unknown}
 n - a scroll of fear {unknown}
Potions
 d - 2 potions of might
 g - a potion of agility {unknown}
 k - a potion of degeneration {unknown}
 l - a potion of curing {unknown}
 p - a potion of heal wounds {unknown}
Books
 m - a book of Cantrips

   Spells                             Type                      Level
   a - Confusing Touch                Hexes                        1
   b - Animate Skeleton               Necromancy                   1
   c - Summon Small Mammal            Summoning                    1
   d - Apportation                    Translocation                1
Comestibles
 f - 6 rations
 o - 2 chunks of flesh


   Skills:
 + Level 3.5 Fighting
 + Level 3.7 Axes
 + Level 3.6 Armour
 + Level 0.9 Dodging
 + Level 3.7 Shields


You had 4 spell levels left.
You didn't know any spells.

Dungeon Overview and Level Annotations

Branches:
Dungeon (3/15)

Altars:

Portals:
Sewer: D:3


Message History

You block the river rat's attack.
You closely miss the river rat.
The river rat is moderately wounded.
The river rat bites you but does no damage.
The river rat completely misses you.
Your shield and scale mail prevent you from hitting the river rat.
The river rat is moderately wounded.
The river rat bites you.
* * * LOW HITPOINT WARNING * * *
You barely miss the river rat.
The river rat is moderately wounded.
The river rat bites you but does no damage.
You hit the river rat but do no damage.
The river rat is moderately wounded.
The river rat barely misses you. The river rat bites you.
* * * LOW HITPOINT WARNING * * *
You closely miss the river rat.
The river rat is moderately wounded.
The river rat bites you.
You die...

#.. ##'## #..######
##...##
##.......####.....##
...........#.......##
#....#.#..........#
..###.................+
...........#..........#
##.#...###.#.......##
#.#@#.###.##.....##
#.##.#r#.....###...##
#......####### ##+##
#≈≈...## #≈≈≈..#
#≈≈≈... #≈≈≈≈..
#∩≈≈≈≈.# ######..


You could see a river rat.

Vanquished Creatures
  An orc wizard (D:3)
  An adder (D:3)
  A gnoll (D:1)
  A river rat (D:3)
  3 worms
  3 dart slugs (D:1)
  4 orcs (D:3)
  A ball python (D:3)
  5 giant cockroaches
  6 goblins
  12 hobgoblins
  12 jackals
  8 bats
  3 frilled lizards
  6 kobolds
  12 rats
79 creatures vanquished.

Notes
Turn   | Place    | Note
-------+----------+-------------------------------------------
     0 | D:1      | Kairos the Human Fighter began the quest for the Orb.
     0 | D:1      | Reached XP level 1. HP: 18/18 MP: 1/1
    93 | D:1      | Reached XP level 2. HP: 2/24 MP: 2/2
   473 | D:1      | Reached XP level 3. HP: 26/29 MP: 3/3
   803 | D:1      | Reached XP level 4. HP: 28/35 MP: 4/4
  2063 | D:3      | Reached XP level 5. HP: 27/41 MP: 5/5
  2236 | D:3      | Found a glowing drain.
  2256 | D:3      | HP: 1/41 [river rat (2)]
  2259 | D:3      | Slain by a river rat

Skill      XL: |  1  2  3  4 |
---------------+-------------+-----
Axes           | 3 |  3.7
Fighting       | |  3.5
Armour         | |  3.6
Dodging        | |  0.9
Shields        | |  3.7

Action                   |  1- 3 |  4- 6 || total
-------------------------+-------+-------++-------
Melee: War axe           |   124 |   161 ||   285
  Eat: Chunk             |       |     5 ||     5
Armor: Scale mail        |    57 |    70 ||   127
Dodge: Dodged            |    45 |    44 ||    89
Block: Shield            |    59 |    98 ||   157
